Lightning vs Blue Jackets
Created - March 23, 2022 at 19:02
Goals
|
| Lightning |
2 |
1 |
0 |
0 |
3 |
| Blue Jackets |
1 |
0 |
2 |
1 |
4 |
|
Shots
|
| Lightning |
15 |
11 |
10 |
0 |
36 |
| Blue Jackets |
8 |
4 |
9 |
1 |
22 |
|
1st period
1. Lightning , Nick Bjugstad 13 (Justin Schultz 10, Brent Seabrook 11) at 12:16
2. Lightning , Nikolaj Ehlers 7 (Jimmy Vesey 13, Brandon Sutter 13) at 17:23
3. Blue Jackets , Artemi Panarin 16 (Bobby Ryan 15, Tyler Seguin 26) at 18:40
Penalties :
Cam Fowler (Clb) for High sticking (Minor) at 0:22, Rob Scuderi (Clb) for Hooking (Minor) at 13:18
2nd period
4. Lightning , Brent Seabrook 5 (Nikolaj Ehlers 6, Brayden Point 4) at 1:00
Penalties :
Rickard Rakell (Clb) for Roughing (Minor) at 11:09
3rd period
5. Blue Jackets , Bobby Ryan 11 (Rob Scuderi 11, Henrik Sedin 6) at 14:11 (SH)
6. Blue Jackets , Rickard Rakell 10 (Henrik Sedin 7) at 19:42 (PP)
Penalties :
Bobby Ryan (Clb) for Hooking (Minor) at 0:22, Joni Pitkanen (T.B) for Hooking (Minor) at 9:44, Cam Fowler (Clb) for Hooking (Minor) at 13:09, Kevin Shattenkirk (T.B) for Tripping (Minor) at 19:07
Overtime #1
7. Blue Jackets , Henrik Sedin 15 (Bobby Ryan 16, Dennis Wideman 8) at 1:05
Penalties :
No Penalty
Goalie Stats
Jimmy Howard (T.B), 18 saves from 22 shots - (0.818), OTL, 17-9-4, 61:05 minutes
Jonas Gustavsson (Clb), 33 saves from 36 shots - (0.917), W, 7-4-1, 60:11 minutes
Players Stats for Lightning
Player Name G A P +/- PIM S H SB GA TA FO MP PP MP PK MP
------------------------------------------------------------------------------------
Brandon Sutter 0 1 1 -1 0 0 3 0 0 0 7/10 13:49 0:00 0:21
Brayden Point 0 1 1 2 0 0 3 0 0 0 6/8 14:50 4:07 0:00
Brent Seabrook 1 1 2 2 0 3 0 0 1 1 0/0 17:19 0:00 1:43
Conor Sheary 0 0 0 0 0 1 0 0 0 0 0/0 13:47 0:00 0:36
Derek Meech 0 0 0 -1 0 1 2 1 1 0 0/0 13:17 0:00 1:26
Jesper Fast 0 0 0 -1 0 2 1 0 0 0 0/0 8:59 0:00 0:00
Jimmy Vesey 0 1 1 2 0 2 2 1 0 0 0/0 15:13 4:07 0:36
Joni Pitkanen 0 0 0 -2 2 3 0 1 0 0 0/0 16:09 4:01 0:00
Justin Schultz 0 1 1 1 0 1 0 1 0 0 0/0 21:32 4:01 0:56
Kevin Shattenkirk 0 0 0 0 2 3 0 3 0 1 0/0 27:32 5:54 1:03
Kyle Clifford 0 0 0 0 0 8 3 1 1 1 0/3 22:51 5:48 1:37
Mark Scheifele 0 0 0 0 0 3 3 0 1 1 21/34 23:04 5:48 1:37
Nick Bjugstad 1 0 1 -1 0 3 1 0 0 0 0/2 20:56 5:48 0:00
Nikolaj Ehlers 1 1 2 2 0 3 0 0 0 0 0/0 14:37 4:07 0:00
Ondrej Palat 0 0 0 -1 0 0 1 0 0 0 0/0 8:59 0:00 0:00
Oscar Sundqvist 0 0 0 -1 0 2 0 0 0 0 1/3 8:59 0:00 0:00
Sergei Shirokov 0 0 0 0 0 1 4 0 1 0 0/1 13:32 0:00 0:21
Shayne Gostisbehere 0 0 0 0 0 0 2 3 0 0 0/0 26:19 5:54 0:00
Players Stats for Blue Jackets
Player Name G A P +/- PIM S H SB GA TA FO MP PP MP PK MP
------------------------------------------------------------------------------------
Artemi Panarin 1 0 1 -1 0 3 0 1 0 0 0/0 21:38 1:37 5:39
Bobby Ryan 1 2 3 1 2 4 1 0 1 0 2/2 18:25 1:37 2:38
Brandon Bollig 0 0 0 0 0 0 2 0 0 0 0/2 14:56 0:57 1:09
Cam Fowler 0 0 0 -2 4 1 1 4 0 0 0/0 26:39 1:35 3:23
Dennis Wideman 0 1 1 1 0 0 1 0 0 0 0/0 20:15 0:59 4:02
Devin Setoguchi 0 0 0 0 0 0 0 0 0 0 0/0 8:00 0:00 1:27
Henrik Sedin 1 2 3 2 0 1 3 0 0 0 8/11 18:09 0:57 3:29
Kevin Porter 0 0 0 0 0 0 0 0 0 1 1/3 6:33 0:00 0:00
Matt Calvert 0 0 0 -1 0 0 1 0 0 0 0/1 13:52 0:00 0:00
Rickard Rakell 1 0 1 0 2 3 2 0 1 0 0/0 13:48 0:57 0:00
Rob Scuderi 0 1 1 1 2 1 1 1 0 0 0/0 19:16 0:59 3:01
Ryan Wilson 0 0 0 0 0 0 0 1 0 0 0/0 12:20 0:00 0:08
Shea Theodore 0 0 0 1 0 0 0 0 0 1 0/0 16:00 0:00 3:20
Shea Weber 0 0 0 -1 0 2 1 3 0 1 0/0 28:26 1:35 5:56
T.J. Oshie 0 0 0 0 0 0 0 0 0 1 0/0 3:07 0:15 0:00
Tim Connolly 0 0 0 -1 0 4 2 1 1 0 3/8 13:52 0:00 0:00
Tyler Kennedy 0 0 0 -1 0 3 0 1 1 0 0/1 13:52 0:00 0:00
Tyler Seguin 0 1 1 -1 0 0 3 3 0 1 12/33 25:12 1:22 5:28
3 Stars
1 - Henrik Sedin (Clb)
2 - Bobby Ryan (Clb)
3 - Nikolaj Ehlers (T.B)
Power Play
Lightning - 0 on 5 Attempt(s) - 0.00%
Blue Jackets - 1 on 2 Attempt(s) - 50.00%
Penalty Kill
Lightning - 1 on 2 Attempt(s) - 50.00%
- Score 0 goal in Penalty Kill
Blue Jackets - 5 on 5 Attempt(s) - 100.00%
- Score 1 goal in Penalty Kill
Team Stat
Lightning - Hits : 25 - Faceoff Wins : 35 - Blocked Shots : 11 - Penalty Minutes : 4
Blue Jackets - Hits : 18 - Faceoff Wins : 26 - Blocked Shots : 15 - Penalty Minutes : 10
Official
Referees : TJ Luxmore and Tim Peel
Linesman : Andrew Smith and Bryan Pancich
Game Notes
No Game Note
Finance
Level 1 -- Attendance: 5674 (94.57%) -- Ticket Income $567,400
Level 2 -- Attendance: 4340 (86.80%) -- Ticket Income $260,400
Level 3 -- Attendance: 1930 (96.50%) -- Ticket Income $67,550
Level 4 -- Attendance: 3536 (88.40%) -- Ticket Income $88,400
Luxury Box -- Attendance: 925 (92.50%) -- Ticket Income $185,000
Game was played at the Nationwide arena.
Total Attendance: 16405 (91.14%)
Total Ticket Income: $1,168,750
Other Income: $175,312
Total Income: $1,344,062
Lightning
5 vs 5 Forward
Center Left Wing Right Wing Time % Phy DF OF
1 Mark Scheifele Kyle Clifford Nick Bjugstad 40 1 2 2
2 Brandon Sutter Sergei Shirokov Conor Sheary 30 1 2 2
3 Brayden Point Jimmy Vesey Nikolaj Ehlers 20 1 2 2
4 Oscar Sundqvist Ondrej Palat Jesper Fast 10 1 2 2
5 vs 5 Defense
Defense Defense Time % Phy DF OF
1 Kevin Shattenkirk Shayne Gostisbehere 40 1 2 2
2 Justin Schultz Brent Seabrook 30 1 2 2
3 Joni Pitkanen Derek Meech 20 1 2 2
4 Kevin Shattenkirk Shayne Gostisbehere 10 1 2 2
PowerPlay Forward
Center Left Wing Right Wing Time % Phy DF OF
1 Mark Scheifele Kyle Clifford Nick Bjugstad 60 1 2 2
2 Brayden Point Jimmy Vesey Nikolaj Ehlers 40 1 2 2
PowerPlay Defense
Defense Defense Time % Phy DF OF
1 Kevin Shattenkirk Shayne Gostisbehere 60 1 2 2
2 Justin Schultz Joni Pitkanen 40 1 2 2
Penalty Kill 4 Players Forward
Center Wing Time % Phy DF OF
1 Mark Scheifele Kyle Clifford 60 1 2 2
2 Brandon Sutter Sergei Shirokov 40 1 2 2
Penalty Kill 4 Players Defense
Defense Defense Time % Phy DF OF
1 Kevin Shattenkirk Brent Seabrook 60 1 2 2
2 Justin Schultz Joni Pitkanen 40 1 2 2
Penalty Kill - 3 Players Forward
Forward Time % Phy DF OF
1 Mark Scheifele 60 1 2 2
2 Brandon Sutter 40 1 2 2
Penalty Kill - 3 Players Defense
Defense Defense Time % Phy DF OF
1 Kevin Shattenkirk Brent Seabrook 60 1 2 2
2 Justin Schultz Joni Pitkanen 40 1 2 2
4 vs 4 Forward
Center Wing Time % Phy DF OF
1 Mark Scheifele Kyle Clifford 60 1 2 2
2 Brandon Sutter Nick Bjugstad 40 1 2 2
4 vs 4 Defense
Defense Defense Time % Phy DF OF
1 Kevin Shattenkirk Shayne Gostisbehere 60 1 2 2
2 Justin Schultz Joni Pitkanen 40 1 2 2
Last Minutes Offensive
Center Left Wing Right Wing Defense Defense
Mark Scheifele Kyle Clifford Nick Bjugstad Kevin Shattenkirk Shayne Gostisbehere
Last Minutes Defensive
Center Left Wing Right Wing Defense Defense
Mark Scheifele Kyle Clifford Nick Bjugstad Kevin Shattenkirk Brent Seabrook
Goaltenders
Starting : Jimmy Howard
Backup : Alex Nedeljkovic
Extra Forwards
Normal : Brayden Point, Nikolaj Ehlers, Conor Sheary - PP : Oscar Sundqvist, Ondrej Palat - PK : Conor Sheary
Extra Defensemen
Normal : Shayne Gostisbehere, Derek Meech, Justin Schultz - PP : Shayne Gostisbehere - PK : Derek Meech, Justin Schultz
Penalty Shots
Kyle Clifford, Mark Scheifele, Brandon Sutter, Sergei Shirokov, Nick Bjugstad
Scratches
Alex Killorn (Healthy), Cody Goloubef (Broken Left Index Finger Injury), Erik Christensen (Healthy), James Neal (Healthy), Roman Josi (Healthy)
Blue Jackets
5 vs 5 Forward
Center Left Wing Right Wing Time % Phy DF OF
1 Tyler Seguin Artemi Panarin Bobby Ryan 40 1 2 2
2 Henrik Sedin Brandon Bollig Rickard Rakell 30 1 2 2
3 Tim Connolly Matt Calvert Tyler Kennedy 20 1 2 2
4 Kevin Porter Tyler Seguin Devin Setoguchi 10 1 2 2
5 vs 5 Defense
Defense Defense Time % Phy DF OF
1 Cam Fowler Shea Weber 40 1 2 2
2 Rob Scuderi Dennis Wideman 30 1 2 2
3 Ryan Wilson Shea Theodore 20 1 2 2
4 Cam Fowler Shea Weber 10 1 2 2
PowerPlay Forward
Center Left Wing Right Wing Time % Phy DF OF
1 Tyler Seguin Artemi Panarin Bobby Ryan 60 1 2 2
2 Henrik Sedin Brandon Bollig Rickard Rakell 40 1 2 2
PowerPlay Defense
Defense Defense Time % Phy DF OF
1 Cam Fowler Shea Weber 60 1 2 2
2 Rob Scuderi Dennis Wideman 40 1 2 2
Penalty Kill 4 Players Forward
Center Wing Time % Phy DF OF
1 Tyler Seguin Artemi Panarin 60 1 2 2
2 Henrik Sedin Bobby Ryan 40 1 2 2
Penalty Kill 4 Players Defense
Defense Defense Time % Phy DF OF
1 Cam Fowler Shea Weber 60 1 2 2
2 Rob Scuderi Dennis Wideman 40 1 2 2
Penalty Kill - 3 Players Forward
Forward Time % Phy DF OF
1 Tyler Seguin 60 1 2 2
2 Artemi Panarin 40 1 2 2
Penalty Kill - 3 Players Defense
Defense Defense Time % Phy DF OF
1 Cam Fowler Shea Weber 60 1 2 2
2 Rob Scuderi Dennis Wideman 40 1 2 2
4 vs 4 Forward
Center Wing Time % Phy DF OF
1 Tyler Seguin Artemi Panarin 60 1 2 2
2 Henrik Sedin Bobby Ryan 40 1 2 2
4 vs 4 Defense
Defense Defense Time % Phy DF OF
1 Cam Fowler Shea Weber 60 1 2 2
2 Rob Scuderi Dennis Wideman 40 1 2 2
Last Minutes Offensive
Center Left Wing Right Wing Defense Defense
Tyler Seguin Artemi Panarin Bobby Ryan Cam Fowler Shea Weber
Last Minutes Defensive
Center Left Wing Right Wing Defense Defense
Tyler Seguin Artemi Panarin Bobby Ryan Cam Fowler Shea Weber
Goaltenders
Starting : Jonas Gustavsson
Backup : Phoenix Copley
Extra Forwards
Normal : T.J. Oshie, Tyler Kennedy, Devin Setoguchi - PP : T.J. Oshie, Tyler Kennedy - PK : Devin Setoguchi
Extra Defensemen
Normal : Ryan Wilson, Shea Theodore, Rob Scuderi - PP : Ryan Wilson - PK : Shea Theodore, Rob Scuderi
Penalty Shots
Tyler Seguin, Artemi Panarin, Henrik Sedin, Bobby Ryan, Rickard Rakell
Scratches
Andreas Nodl (Healthy), Colton Parayko (Facial Surgery Injury), Emerson Etem (Fractured Left Foot Injury), Martin Havlat (Healthy), Zac Dalpe (Torso Injury)
Rick DiPietro (Healthy)
% Time on Ice - Lightning
Lines # - Real PCT - Wanted PCT - Time Play
Normal Forward
1 - 31% - 40% - 14:29
2 - 29% - 30% - 13:33
3 - 21% - 20% - 10:08
4 - 19% - 10% - 8:59
Normal Defense
1 - 39% - 40% - 18:32
2 - 34% - 30% - 16:13
3 - 24% - 20% - 11:25
4 - 2% - 10% - 0:59
PP Forward
1 - 58% - 60% - 5:48
2 - 42% - 40% - 4:07
PP Defense
1 - 59% - 60% - 5:54
2 - 41% - 40% - 4:01
PK Forward
1 - 86% - 60% - 2:13
2 - 14% - 40% - 0:21
PK Defense
1 - 53% - 60% - 1:22
2 - 47% - 40% - 1:12
PK3 Forward
1 - 0% - 60%
2 - 0% - 40%
PK3 Defense
1 - 0% - 60%
2 - 0% - 40%
44 Forward
1 - 74% - 60% - 0:48
2 - 26% - 40% - 0:17
44 Defense
1 - 66% - 60% - 0:43
2 - 34% - 40% - 0:22
Last Minute Offensive - 0:00
Last Minute Defensive - 0:22
Total
Forward - 61:05
Defense - 61:05
|
% Time on Ice - Blue Jackets
Lines # - Real PCT - Wanted PCT - Time Play
Normal Forward
1 - 28% - 40% - 13:11
2 - 29% - 30% - 13:44
3 - 29% - 20% - 13:52
4 - 14% - 10% - 6:33
Normal Defense
1 - 40% - 40% - 18:51
2 - 31% - 30% - 14:54
3 - 26% - 20% - 12:09
4 - 3% - 10% - 1:26
PP Forward
1 - 63% - 60% - 1:37
2 - 37% - 40% - 0:57
PP Defense
1 - 62% - 60% - 1:35
2 - 38% - 40% - 0:59
PK Forward
1 - 68% - 60% - 6:45
2 - 32% - 40% - 3:10
PK Defense
1 - 61% - 60% - 6:04
2 - 39% - 40% - 3:51
PK3 Forward
1 - 0% - 60%
2 - 0% - 40%
PK3 Defense
1 - 0% - 60%
2 - 0% - 40%
44 Forward
1 - 69% - 60% - 0:45
2 - 31% - 40% - 0:20
44 Defense
1 - 69% - 60% - 0:45
2 - 31% - 40% - 0:20
Last Minute Offensive - 0:11
Last Minute Defensive - 0:00
Total
Forward - 61:05
Defense - 61:05
|
Play-by-Play
1st period
0:01 of 1st period - Mark Scheifele wins face-off versus Tyler Seguin in neutral zone.
0:22 of 1st period - Minor Penalty to Cam Fowler for High sticking.
0:23 of 1st period - Tyler Seguin wins face-off versus Mark Scheifele in Blue Jackets zone.
0:50 of 1st period - Kevin Shattenkirk is hit by Tyler Seguin and loses puck.
2:22 of 1st period - Penalty to Cam Fowler is over, Cam Fowler is back on ice.
2:30 of 1st period - Brent Seabrook is hit by Cam Fowler and loses puck.
2:39 of 1st period - Cam Fowler is hit by Sergei Shirokov and loses puck.
2:54 of 1st period - Matt Calvert is hit by Ondrej Palat and loses puck.
3:58 of 1st period - Nick Bjugstad is hit by Rob Scuderi and loses puck.
4:24 of 1st period - Joni Pitkanen is hit by Henrik Sedin and loses puck.
4:39 of 1st period - Cam Fowler is hit by Sergei Shirokov and loses puck.
5:23 of 1st period - Shea Weber is hit by Mark Scheifele and loses puck.
5:30 of 1st period - Snap shot by Kyle Clifford.
5:30 of 1st period - Shot Misses the Net.
5:32 of 1st period - Backhand shot by Justin Schultz.
5:32 of 1st period - Shot Misses the Net.
5:34 of 1st period - Wrist shot by Kyle Clifford.
5:34 of 1st period - Stopped by Jonas Gustavsson with a rebound.
6:12 of 1st period - Snap shot by Justin Schultz.
6:12 of 1st period - Shot Misses the Net.
6:33 of 1st period - Shayne Gostisbehere is hit by Tyler Seguin and loses puck.
6:50 of 1st period - Tyler Kennedy is hit by Mark Scheifele and loses puck.
7:01 of 1st period - Snap shot by Kyle Clifford.
7:01 of 1st period - Shot Misses the Net.
7:13 of 1st period - Wrist shot by Artemi Panarin.
7:13 of 1st period - Shot Blocked by Jimmy Vesey.
7:19 of 1st period - Artemi Panarin is hit by Brayden Point and loses puck.
8:12 of 1st period - Brandon Sutter is hit by Tim Connolly and loses puck.
8:32 of 1st period - Kevin Porter is hit by Brayden Point and loses puck.
8:39 of 1st period - Kevin Shattenkirk is hit by Tyler Seguin and loses puck.
8:50 of 1st period - Artemi Panarin is hit by Kyle Clifford and loses puck.
8:59 of 1st period - Wrist shot by Kyle Clifford.
8:59 of 1st period - Deflect By Mark Scheifele.
8:59 of 1st period - Shot Misses the Net.
8:59 of 1st period - Puck is out of play.
9:00 of 1st period - Brandon Sutter wins face-off versus Tim Connolly in Blue Jackets zone.
9:05 of 1st period - Snap shot by Sergei Shirokov.
9:05 of 1st period - Shot Misses the Net.
9:07 of 1st period - Snap shot by Joni Pitkanen.
9:07 of 1st period - Stopped by Jonas Gustavsson with a rebound.
10:47 of 1st period - Slapshot by Rickard Rakell.
10:47 of 1st period - Shot Blocked by Derek Meech.
10:59 of 1st period - Slapshot by Joni Pitkanen.
10:59 of 1st period - Stopped by Jonas Gustavsson without a rebound.
11:00 of 1st period - Kevin Porter wins face-off versus Nick Bjugstad in Blue Jackets zone.
11:00 of 1st period - Kevin Porter is hit by Nick Bjugstad.
11:11 of 1st period - Off-side.
11:12 of 1st period - Mark Scheifele wins face-off versus Tyler Seguin in neutral zone.
11:36 of 1st period - Icing by Artemi Panarin.
11:37 of 1st period - Brandon Sutter wins face-off versus Brandon Bollig in Blue Jackets zone.
11:38 of 1st period - Snap shot by Conor Sheary.
11:38 of 1st period - Stopped by Jonas Gustavsson without a rebound.
11:39 of 1st period - Henrik Sedin wins face-off versus Brandon Sutter in Blue Jackets zone.
11:54 of 1st period - Slapshot by Shea Weber.
11:54 of 1st period - Deflect By Brandon Sutter.
11:54 of 1st period - Stopped by Jimmy Howard with a rebound.
12:12 of 1st period - Snap shot by Kyle Clifford.
12:12 of 1st period - Shot Blocked by Artemi Panarin.
12:14 of 1st period - Snap shot by Brent Seabrook.
12:14 of 1st period - Stopped by Jonas Gustavsson with a rebound.
12:16 of 1st period - Snap shot by Justin Schultz.
12:16 of 1st period - Deflect By Nick Bjugstad.
12:16 of 1st period - Goal by Nick Bjugstad - Lightning : 1 - Blue Jackets : 0.
12:17 of 1st period - Tyler Seguin wins face-off versus Mark Scheifele in neutral zone.
12:44 of 1st period - Shayne Gostisbehere is hit by Brandon Bollig and loses puck.
13:15 of 1st period - Wrist shot by Kevin Shattenkirk.
13:15 of 1st period - Deflect By Cam Fowler.
13:15 of 1st period - Stopped by Jonas Gustavsson without a rebound.
13:16 of 1st period - Tyler Seguin wins face-off versus Mark Scheifele in Blue Jackets zone.
13:18 of 1st period - Minor Penalty to Rob Scuderi for Hooking.
13:19 of 1st period - Mark Scheifele wins face-off versus Tyler Seguin in Blue Jackets zone.
13:26 of 1st period - Slapshot by Mark Scheifele.
13:26 of 1st period - Stopped by Jonas Gustavsson with a rebound.
13:28 of 1st period - Wrist shot by Kyle Clifford.
13:28 of 1st period - Stopped by Jonas Gustavsson with a rebound.
13:30 of 1st period - Snap shot by Kyle Clifford.
13:30 of 1st period - Stopped by Jonas Gustavsson without a rebound.
13:31 of 1st period - Mark Scheifele wins face-off versus Tyler Seguin in Blue Jackets zone.
13:36 of 1st period - Snap shot by Kyle Clifford.
13:36 of 1st period - Shot Misses the Net.
13:38 of 1st period - Slapshot by Nick Bjugstad.
13:38 of 1st period - Shot Misses the Net.
15:18 of 1st period - Penalty to Rob Scuderi is over, Rob Scuderi is back on ice.
15:48 of 1st period - Slapshot by Brent Seabrook.
15:48 of 1st period - Stopped by Jonas Gustavsson without a rebound.
15:49 of 1st period - Oscar Sundqvist wins face-off versus Tyler Kennedy in Blue Jackets zone.
15:50 of 1st period - Snap shot by Ondrej Palat.
15:50 of 1st period - Shot Misses the Net.
16:00 of 1st period - Snap shot by Ondrej Palat.
16:00 of 1st period - Shot Misses the Net.
16:04 of 1st period - Wrist shot by Oscar Sundqvist.
16:04 of 1st period - Stopped by Jonas Gustavsson with a rebound.
16:06 of 1st period - Slapshot by Joni Pitkanen.
16:06 of 1st period - Stopped by Jonas Gustavsson with a rebound.
16:08 of 1st period - Slapshot by Jesper Fast.
16:08 of 1st period - Shot Misses the Net.
16:10 of 1st period - Slapshot by Joni Pitkanen.
16:10 of 1st period - Deflect By Ondrej Palat.
16:10 of 1st period - Shot Misses the Net.
16:10 of 1st period - Puck is out of play.
16:11 of 1st period - Mark Scheifele wins face-off versus Tyler Seguin in Blue Jackets zone.
16:12 of 1st period - Wrist shot by Nick Bjugstad.
16:12 of 1st period - Stopped by Jonas Gustavsson with a rebound.
16:19 of 1st period - Off-side.
16:20 of 1st period - Mark Scheifele wins face-off versus Tyler Seguin in neutral zone.
16:45 of 1st period - Slapshot by Shea Weber.
16:45 of 1st period - Stopped by Jimmy Howard with a rebound.
16:49 of 1st period - Wrist shot by Artemi Panarin.
16:49 of 1st period - Shot Misses the Net.
16:51 of 1st period - Snap shot by Artemi Panarin.
16:51 of 1st period - Stopped by Jimmy Howard without a rebound.
16:52 of 1st period - Henrik Sedin wins face-off versus Sergei Shirokov in Lightning zone.
17:23 of 1st period - Wrist shot by Nikolaj Ehlers.
17:23 of 1st period - Goal by Nikolaj Ehlers - Lightning : 2 - Blue Jackets : 0.
17:24 of 1st period - Mark Scheifele wins face-off versus Tyler Seguin in neutral zone.
17:27 of 1st period - Backhand shot by Nick Bjugstad.
17:27 of 1st period - Shot Blocked by Shea Weber.
17:39 of 1st period - Wrist shot by Cam Fowler.
17:39 of 1st period - Shot Blocked by Kevin Shattenkirk.
18:34 of 1st period - Slapshot by Cam Fowler.
18:34 of 1st period - Stopped by Jimmy Howard without a rebound.
18:35 of 1st period - Tyler Seguin wins face-off versus Oscar Sundqvist in Lightning zone.
18:38 of 1st period - Snap shot by Artemi Panarin.
18:38 of 1st period - Stopped by Jimmy Howard with a rebound.
18:40 of 1st period - Snap shot by Bobby Ryan.
18:40 of 1st period - Deflect By Artemi Panarin.
18:40 of 1st period - Goal by Artemi Panarin - Lightning : 2 - Blue Jackets : 1.
18:41 of 1st period - Tyler Seguin wins face-off versus Mark Scheifele in neutral zone.
19:26 of 1st period - Icing by Justin Schultz.
19:27 of 1st period - Brandon Sutter wins face-off versus Matt Calvert in Lightning zone.
19:32 of 1st period - Snap shot by Tyler Kennedy.
19:32 of 1st period - Stopped by Jimmy Howard without a rebound.
19:33 of 1st period - Tim Connolly wins face-off versus Mark Scheifele in Lightning zone.
19:56 of 1st period - Wrist shot by Tim Connolly.
19:56 of 1st period - Stopped by Jimmy Howard without a rebound.
19:57 of 1st period - Brayden Point wins face-off versus Tyler Seguin in Lightning zone.
Goals for this period are 2 for Lightning vs 1 for Blue Jackets.
Shots for this period are 15 for Lightning vs 8 for Blue Jackets.
2nd period
0:01 of 2nd period - Mark Scheifele wins face-off versus Tyler Seguin in neutral zone.
0:04 of 2nd period - Snap shot by Shayne Gostisbehere.
0:04 of 2nd period - Shot Blocked by Tyler Seguin.
0:32 of 2nd period - Slapshot by Brandon Sutter.
0:32 of 2nd period - Deflect By Conor Sheary.
0:32 of 2nd period - Shot Misses the Net.
0:32 of 2nd period - Puck is out of play.
0:33 of 2nd period - Bobby Ryan wins face-off versus Brayden Point in Blue Jackets zone.
0:33 of 2nd period - Bobby Ryan is hit by Brayden Point.
0:39 of 2nd period - Slapshot by Jimmy Vesey.
0:39 of 2nd period - Shot Blocked by Tyler Seguin.
0:41 of 2nd period - Slapshot by Jimmy Vesey.
0:41 of 2nd period - Stopped by Jonas Gustavsson without a rebound.
0:42 of 2nd period - Tyler Seguin wins face-off versus Brayden Point in Blue Jackets zone.
0:58 of 2nd period - Wrist shot by Brent Seabrook.
0:58 of 2nd period - Shot Blocked by Cam Fowler.
1:00 of 2nd period - Slapshot by Brent Seabrook.
1:00 of 2nd period - Goal by Brent Seabrook - Lightning : 3 - Blue Jackets : 1.
1:01 of 2nd period - Mark Scheifele wins face-off versus Tyler Seguin in neutral zone.
1:27 of 2nd period - Rickard Rakell is hit by Sergei Shirokov.
1:36 of 2nd period - Kevin Shattenkirk is hit by Henrik Sedin and loses puck.
2:14 of 2nd period - Snap shot by Nikolaj Ehlers.
2:14 of 2nd period - Stopped by Jonas Gustavsson without a rebound.
2:15 of 2nd period - Brayden Point wins face-off versus Tyler Seguin in Blue Jackets zone.
3:37 of 2nd period - Slapshot by Nikolaj Ehlers.
3:37 of 2nd period - Stopped by Jonas Gustavsson without a rebound.
3:38 of 2nd period - Henrik Sedin wins face-off versus Mark Scheifele in Blue Jackets zone.
3:53 of 2nd period - Slapshot by Henrik Sedin.
3:53 of 2nd period - Shot Misses the Net.
4:03 of 2nd period - Rob Scuderi is hit by Brandon Sutter.
4:10 of 2nd period - Off-side.
4:11 of 2nd period - Mark Scheifele wins face-off versus Brandon Bollig in neutral zone.
6:39 of 2nd period - Joni Pitkanen is hit by Brandon Bollig and loses puck.
6:54 of 2nd period - Artemi Panarin is hit by Sergei Shirokov and loses puck.
7:04 of 2nd period - Icing by Joni Pitkanen.
7:05 of 2nd period - Mark Scheifele wins face-off versus Tim Connolly in Lightning zone.
7:50 of 2nd period - Snap shot by Tyler Kennedy.
7:50 of 2nd period - Shot Misses the Net.
7:52 of 2nd period - Snap shot by Matt Calvert.
7:52 of 2nd period - Shot Blocked by Shayne Gostisbehere.
7:54 of 2nd period - Wrist shot by Tyler Kennedy.
7:54 of 2nd period - Stopped by Jimmy Howard with a rebound.
7:56 of 2nd period - Wrist shot by Tim Connolly.
7:56 of 2nd period - Stopped by Jimmy Howard without a rebound.
7:57 of 2nd period - Mark Scheifele wins face-off versus Tyler Seguin in Lightning zone.
9:01 of 2nd period - Devin Setoguchi is hit by Jesper Fast and loses puck.
9:22 of 2nd period - Shea Theodore is hit by Kyle Clifford and loses puck.
9:27 of 2nd period - Slapshot by Kyle Clifford.
9:27 of 2nd period - Stopped by Jonas Gustavsson without a rebound.
9:28 of 2nd period - Henrik Sedin wins face-off versus Brandon Sutter in Blue Jackets zone.
9:28 of 2nd period - Henrik Sedin is hit by Derek Meech.
9:42 of 2nd period - Snap shot by Brandon Sutter.
9:42 of 2nd period - Shot Blocked by Cam Fowler.
10:07 of 2nd period - Brent Seabrook is hit by Tim Connolly and loses puck.
10:38 of 2nd period - Backhand shot by Jesper Fast.
10:38 of 2nd period - Stopped by Jonas Gustavsson with a rebound.
10:40 of 2nd period - Snap shot by Jesper Fast.
10:40 of 2nd period - Shot Misses the Net.
10:42 of 2nd period - Slapshot by Brent Seabrook.
10:42 of 2nd period - Shot Misses the Net.
11:09 of 2nd period - Minor Penalty to Rickard Rakell for Roughing.
11:10 of 2nd period - Mark Scheifele wins face-off versus Tyler Seguin in Blue Jackets zone.
11:23 of 2nd period - Slapshot by Kyle Clifford.
11:23 of 2nd period - Stopped by Jonas Gustavsson without a rebound.
11:24 of 2nd period - Tyler Seguin wins face-off versus Kyle Clifford in Blue Jackets zone.
11:59 of 2nd period - Off-side.
12:00 of 2nd period - Tyler Seguin wins face-off versus Mark Scheifele in neutral zone.
12:03 of 2nd period - Snap shot by Tyler Seguin.
12:03 of 2nd period - Shot Misses the Net.
13:09 of 2nd period - Penalty to Rickard Rakell is over, Rickard Rakell is back on ice.
13:16 of 2nd period - Tyler Kennedy is hit by Brandon Sutter and loses puck.
13:27 of 2nd period - Shea Theodore is hit by Shayne Gostisbehere and loses puck.
13:44 of 2nd period - Jesper Fast is hit by Rickard Rakell and loses puck.
13:59 of 2nd period - Snap shot by Jimmy Vesey.
13:59 of 2nd period - Shot Blocked by Shea Weber.
15:43 of 2nd period - Devin Setoguchi is hit by Derek Meech and loses puck.
16:02 of 2nd period - Oscar Sundqvist is hit by Rickard Rakell and loses puck.
16:07 of 2nd period - Snap shot by Rickard Rakell.
16:07 of 2nd period - Stopped by Jimmy Howard without a rebound.
16:08 of 2nd period - Tim Connolly wins face-off versus Mark Scheifele in Lightning zone.
16:09 of 2nd period - Slapshot by Tyler Kennedy.
16:09 of 2nd period - Shot Misses the Net.
16:25 of 2nd period - Wrist shot by Tim Connolly.
16:25 of 2nd period - Stopped by Jimmy Howard without a rebound.
16:26 of 2nd period - Brandon Sutter wins face-off versus Tyler Seguin in Lightning zone.
16:31 of 2nd period - Shea Theodore is hit by Brandon Sutter and loses puck.
16:56 of 2nd period - Slapshot by Kevin Shattenkirk.
16:56 of 2nd period - Stopped by Jonas Gustavsson without a rebound.
16:57 of 2nd period - Mark Scheifele wins face-off versus Tyler Seguin in Blue Jackets zone.
17:04 of 2nd period - Wrist shot by Mark Scheifele.
17:04 of 2nd period - Shot Blocked by Cam Fowler.
17:06 of 2nd period - Snap shot by Mark Scheifele.
17:06 of 2nd period - Stopped by Jonas Gustavsson with a rebound.
17:20 of 2nd period - Snap shot by Mark Scheifele.
17:20 of 2nd period - Deflect By Kyle Clifford.
17:20 of 2nd period - Shot Blocked by Tyler Seguin.
17:20 of 2nd period - Puck is out of play.
17:21 of 2nd period - Henrik Sedin wins face-off versus Brandon Sutter in Blue Jackets zone.
17:36 of 2nd period - Wrist shot by Sergei Shirokov.
17:36 of 2nd period - Stopped by Jonas Gustavsson with a rebound.
19:14 of 2nd period - Wrist shot by Kyle Clifford.
19:14 of 2nd period - Stopped by Jonas Gustavsson with a rebound.
Goals for this period are 1 for Lightning vs 0 for Blue Jackets.
Shots for this period are 11 for Lightning vs 4 for Blue Jackets.
3rd period
0:01 of 3rd period - Mark Scheifele wins face-off versus Tyler Seguin in neutral zone.
0:05 of 3rd period - Kevin Shattenkirk is hit by Shea Weber and loses puck.
0:22 of 3rd period - Minor Penalty to Bobby Ryan for Hooking.
0:23 of 3rd period - Tyler Seguin wins face-off versus Mark Scheifele in Blue Jackets zone.
0:32 of 3rd period - Slapshot by Shayne Gostisbehere.
0:32 of 3rd period - Shot Misses the Net.
2:22 of 3rd period - Penalty to Bobby Ryan is over, Bobby Ryan is back on ice.
2:29 of 3rd period - Icing by Kevin Shattenkirk.
2:30 of 3rd period - Brandon Sutter wins face-off versus Tim Connolly in Lightning zone.
3:00 of 3rd period - Wrist shot by Oscar Sundqvist.
3:00 of 3rd period - Shot Blocked by Ryan Wilson.
3:02 of 3rd period - Backhand shot by Brent Seabrook.
3:02 of 3rd period - Deflect By Oscar Sundqvist.
3:02 of 3rd period - Stopped by Jonas Gustavsson with a rebound.
4:41 of 3rd period - Matt Calvert is hit by Kyle Clifford and loses puck.
5:49 of 3rd period - Icing by Devin Setoguchi.
5:50 of 3rd period - Mark Scheifele wins face-off versus Kevin Porter in Blue Jackets zone.
5:53 of 3rd period - Wrist shot by Nick Bjugstad.
5:53 of 3rd period - Shot Blocked by Shea Weber.
6:01 of 3rd period - Slapshot by Devin Setoguchi.
6:01 of 3rd period - Shot Misses the Net.
6:20 of 3rd period - Brandon Sutter is hit by Henrik Sedin.
7:14 of 3rd period - Snap shot by Tyler Seguin.
7:14 of 3rd period - Shot Blocked by Shayne Gostisbehere.
8:32 of 3rd period - Off-side.
8:33 of 3rd period - Brandon Sutter wins face-off versus Henrik Sedin in neutral zone.
8:42 of 3rd period - Snap shot by Sergei Shirokov.
8:42 of 3rd period - Shot Blocked by Cam Fowler.
9:15 of 3rd period - Kyle Clifford is hit by Matt Calvert.
9:25 of 3rd period - Snap shot by Jimmy Vesey.
9:25 of 3rd period - Stopped by Jonas Gustavsson with a rebound.
9:27 of 3rd period - Slapshot by Derek Meech.
9:27 of 3rd period - Stopped by Jonas Gustavsson without a rebound.
9:28 of 3rd period - Brayden Point wins face-off versus Tyler Seguin in Blue Jackets zone.
9:44 of 3rd period - Minor Penalty to Joni Pitkanen for Hooking.
9:45 of 3rd period - Mark Scheifele wins face-off versus Tyler Seguin in Lightning zone.
9:45 of 3rd period - Mark Scheifele is hit by Bobby Ryan.
10:24 of 3rd period - Slapshot by Rickard Rakell.
10:24 of 3rd period - Shot Blocked by Kyle Clifford.
10:46 of 3rd period - Brandon Bollig is hit by Jimmy Vesey and loses puck.
11:44 of 3rd period - Penalty to Joni Pitkanen is over, Joni Pitkanen is back on ice.
12:36 of 3rd period - Off-side.
12:37 of 3rd period - Henrik Sedin wins face-off versus Oscar Sundqvist in neutral zone.
12:48 of 3rd period - Brandon Bollig is hit by Shayne Gostisbehere and loses puck.
12:57 of 3rd period - Snap shot by Jesper Fast.
12:57 of 3rd period - Stopped by Jonas Gustavsson without a rebound.
12:58 of 3rd period - Mark Scheifele wins face-off versus Tim Connolly in Blue Jackets zone.
13:01 of 3rd period - Snap shot by Mark Scheifele.
13:01 of 3rd period - Shot Blocked by Tim Connolly.
13:03 of 3rd period - Snap shot by Kyle Clifford.
13:03 of 3rd period - Stopped by Jonas Gustavsson with a rebound.
13:05 of 3rd period - Snap shot by Nick Bjugstad.
13:05 of 3rd period - Stopped by Jonas Gustavsson without a rebound.
13:06 of 3rd period - Tim Connolly wins face-off versus Kyle Clifford in Blue Jackets zone.
13:06 of 3rd period - Tim Connolly is hit by Mark Scheifele.
13:09 of 3rd period - Minor Penalty to Cam Fowler for Hooking.
13:10 of 3rd period - Tyler Seguin wins face-off versus Nick Bjugstad in Blue Jackets zone.
13:47 of 3rd period - Snap shot by Kevin Shattenkirk.
13:47 of 3rd period - Deflect By Bobby Ryan.
13:47 of 3rd period - Stopped by Jonas Gustavsson without a rebound.
13:48 of 3rd period - Henrik Sedin wins face-off versus Mark Scheifele in Blue Jackets zone.
13:57 of 3rd period - Wrist shot by Bobby Ryan.
13:57 of 3rd period - Shot Blocked by Justin Schultz.
13:59 of 3rd period - Snap shot by Henrik Sedin.
13:59 of 3rd period - Shot Misses the Net.
14:01 of 3rd period - Snap shot by Rob Scuderi.
14:01 of 3rd period - Deflect By Bobby Ryan.
14:01 of 3rd period - Stopped by Jimmy Howard with a rebound.
14:03 of 3rd period - Wrist shot by Henrik Sedin.
14:03 of 3rd period - Shot Blocked by Joni Pitkanen.
14:05 of 3rd period - Wrist shot by Bobby Ryan.
14:05 of 3rd period - Stopped by Jimmy Howard with a rebound.
14:07 of 3rd period - Wrist shot by Rob Scuderi.
14:07 of 3rd period - Stopped by Jimmy Howard with a rebound.
14:11 of 3rd period - Snap shot by Bobby Ryan.
14:11 of 3rd period - Goal by Bobby Ryan - Lightning : 3 - Blue Jackets : 2.
14:12 of 3rd period - Mark Scheifele wins face-off versus Tyler Seguin in neutral zone.
15:09 of 3rd period - Penalty to Cam Fowler is over, Cam Fowler is back on ice.
15:39 of 3rd period - Shayne Gostisbehere is hit by Dennis Wideman and loses puck.
16:04 of 3rd period - Snap shot by Tyler Kennedy.
16:04 of 3rd period - Stopped by Jimmy Howard without a rebound.
16:05 of 3rd period - Brayden Point wins face-off versus Henrik Sedin in Lightning zone.
16:47 of 3rd period - Slapshot by Justin Schultz.
16:47 of 3rd period - Shot Blocked by Tyler Kennedy.
16:49 of 3rd period - Backhand shot by Justin Schultz.
16:49 of 3rd period - Stopped by Jonas Gustavsson without a rebound.
16:50 of 3rd period - Mark Scheifele wins face-off versus Tyler Seguin in Blue Jackets zone.
17:07 of 3rd period - Slapshot by Kyle Clifford.
17:07 of 3rd period - Stopped by Jonas Gustavsson with a rebound.
17:28 of 3rd period - Brandon Bollig is hit by Jimmy Vesey and loses puck.
18:07 of 3rd period - Icing by Tim Connolly.
18:08 of 3rd period - Brayden Point wins face-off versus Tim Connolly in Blue Jackets zone.
18:42 of 3rd period - Wrist shot by Mark Scheifele.
18:42 of 3rd period - Stopped by Jonas Gustavsson with a rebound.
18:48 of 3rd period - Blue Jackets, Jonas Gustavsson is pulled from the net.
18:50 of 3rd period - Snap shot by Tim Connolly.
18:50 of 3rd period - Stopped by Jimmy Howard with a rebound.
18:54 of 3rd period - Wrist shot by Tyler Kennedy.
18:54 of 3rd period - Shot Blocked by Shayne Gostisbehere.
18:56 of 3rd period - Wrist shot by Tyler Kennedy.
18:56 of 3rd period - Deflect By Matt Calvert.
18:56 of 3rd period - Shot Blocked by Kevin Shattenkirk.
18:56 of 3rd period - Puck is out of play.
18:57 of 3rd period - Bruce Boudreau call a timeout for Blue Jackets.
18:57 of 3rd period - Tyler Seguin wins face-off versus Mark Scheifele in Lightning zone.
19:07 of 3rd period - Minor Penalty to Kevin Shattenkirk for Tripping.
19:08 of 3rd period - Bobby Ryan wins face-off versus Kyle Clifford in Lightning zone.
19:11 of 3rd period - Snap shot by Bobby Ryan.
19:11 of 3rd period - Stopped by Jimmy Howard without a rebound.
19:12 of 3rd period - Tyler Seguin wins face-off versus Mark Scheifele in Lightning zone.
19:40 of 3rd period - Snap shot by Cam Fowler.
19:40 of 3rd period - Deflect By Rickard Rakell.
19:40 of 3rd period - Stopped by Jimmy Howard without a rebound.
19:41 of 3rd period - Henrik Sedin wins face-off versus Mark Scheifele in Lightning zone.
19:42 of 3rd period - Wrist shot by Rickard Rakell.
19:42 of 3rd period - Goal by Rickard Rakell - Lightning : 3 - Blue Jackets : 3.
19:42 of 3rd period - Jonas Gustavsson from Blue Jackets was sent back in the game.
19:43 of 3rd period - Brayden Point wins face-off versus Kevin Porter in neutral zone.
19:46 of 3rd period - Slapshot by Shayne Gostisbehere.
19:46 of 3rd period - Shot Misses the Net.
Goals for this period are 0 for Lightning vs 2 for Blue Jackets.
Shots for this period are 10 for Lightning vs 9 for Blue Jackets.
Overtime #1
0:01 of 1st overtime period - Mark Scheifele wins face-off versus Tyler Seguin in neutral zone.
0:12 of 1st overtime period - Snap shot by Tyler Seguin.
0:12 of 1st overtime period - Shot Blocked by Kevin Shattenkirk.
0:51 of 1st overtime period - Slapshot by Joni Pitkanen.
0:51 of 1st overtime period - Deflect By Brandon Sutter.
0:51 of 1st overtime period - Shot Blocked by Rob Scuderi.
0:51 of 1st overtime period - Puck is out of play.
0:52 of 1st overtime period - Brandon Sutter wins face-off versus Henrik Sedin in Blue Jackets zone.
1:01 of 1st overtime period - Wrist shot by Henrik Sedin.
1:01 of 1st overtime period - Shot Misses the Net.
1:03 of 1st overtime period - Wrist shot by Henrik Sedin.
1:03 of 1st overtime period - Shot Misses the Net.
1:05 of 1st overtime period - Slapshot by Henrik Sedin.
1:05 of 1st overtime period - Goal by Henrik Sedin - Lightning : 3 - Blue Jackets : 4.
Goals for this period are 0 for Lightning vs 1 for Blue Jackets.
Shots for this period are 0 for Lightning vs 1 for Blue Jackets.